Map: [ESL] Ancient Cistern

Players

GuMiho

  • Race: Terran Terran
  • Spawn Location: 7:00

Maru - Winner!

  • Race: Terran Terran
  • Spawn Location: 1:00

Event: ESL SC2 Masters 2023 Summer (Finals)

VOD

Have the link to the VOD?

Description

Time

  • Played on: June 17, 2023, 12:27 p.m.
  • Length: 24:02

All games in this series

Show
View Real Time Build Order
Export as new Build Order

GuMiho Terran 

Build Orders:  

Get SALT Encoding   

  12  0:00  SCV  
  13  0:12  SCV  
  14  0:16  Supply Depot  
  14  0:24  SCV  
  15  0:38  Barracks, SCV  
  16  0:43  Refinery  
  16  0:50  SCV  
  17  0:58  Barracks  
  17  1:02  SCV  
  18  1:14  SCV  
  19  1:25  Reaper  
  20  1:26  Orbital Command  
  20  1:29  Supply Depot  
  20  1:44  Reaper  
  21  1:51  SCV  
  22  2:02  Reaper  
  22  2:04  SCV  
  24  2:11  Command Center  
  24  2:16  SCV, Marine  
  24  2:22  Refinery  
  26  2:26  Supply Depot  
  26  2:28  SCV  
  27  2:40  SCV, Bunker  
  28  2:44  Factory  
  28  2:50  Marine  
  29  2:52  SCV  
  30  3:00  Barracks Tech Lab  
  30  3:04  SCV  
  31  3:16  SCV  
  31  3:19  Barracks Reactor  
  32  3:23  Orbital Command  
  32  3:28  Starport, SCV  
  33  3:34  Cyclone  
  33  3:39  Barracks Tech Lab  
  33  3:41  SCV  
  37  3:51  Command Center  
  37  3:55  SCV x2  
  39  3:56  Marine  
  39  3:57  Marine  
  39  3:59  Marine  
  42  4:03  Stimpack  
  42  4:09  SCV x2  
  44  4:14  Supply Depot  
  44  4:21  Marine x3  
  44  4:25  Raven, SCV x2  
  44  4:30  Barracks  
  48  4:33  Factory Reactor  
  48  4:37  SCV  
  48  4:38  SCV  
  50  4:39  Refinery  
  50  4:42  Marine, Engineering Bay  
  50  4:44  Marine x2  
  53  4:50  SCV x2  
  55  4:53  Engineering Bay  
  55  5:02  SCV x2  
  44  5:07  Orbital Command  
  57  5:12  Starport Reactor  
  57  5:13  Refinery  
  57  5:14  SCV x2  
  58  5:16  Terran Infantry Weapons Level 1  
  58  5:19  Terran Infantry Armor Level 1  
  59  5:25  Marine x3  
  59  5:26  Marine x2  
  59  5:27  SCV  
  59  5:28  SCV  
  66  5:31  Barracks x2  
  66  5:35  Siege Tank  
  69  5:36  Orbital Command  
  69  5:41  SCV  
  70  5:44  Marine x4  
  70  5:45  Supply Depot  
  70  5:49  Marine  
  74  5:51  SCV  
  74  5:53  SCV  
  77  5:58  Supply Depot  
  77  6:00  Medivac x2, Supply Depot  
  77  6:02  Marine x2  
  77  6:03  Marine x2  
  85  6:06  SCV  
  85  6:08  SCV  
  85  6:09  SCV  
  85  6:10  Combat Shield  
  88  6:16  Supply Depot  
  88  6:18  SCV  
  88  6:20  SCV  
  88  6:21  SCV  
  88  6:22  Marine x2  
  88  6:23  Marine  
  88  6:24  Barracks Reactor  
  94  6:25  Barracks Reactor  
  94  6:27  Marine  
  94  6:28  Marine  
  96  6:35  Siege Tank  
  96  6:39  SCV x3  
  102  6:40  Marine  
  102  6:42  Armory  
  102  6:46  Supply Depot  
  103  6:51  SCV x3  
  103  6:53  Marine x4  
  108  7:07  Viking x2  
  111  7:09  SCV x2  
  111  7:10  SCV, Marine x2  
  111  7:13  Marine x2  
  99  7:31  Marine x6  
  99  7:32  Marine x3  
  99  7:33  Siege Tank  
  104  7:38  SCV x3  
  104  7:39  Terran Infantry Weapons Level 2  
  105  7:49  Marine x2  
  107  7:54  Marine x7  
  107  7:57  SCV x3, Terran Infantry Armor Level 2  
  115  8:00  Command Center  
  115  8:07  Marine x2  
  115  8:09  SCV x3, Supply Depot  
  115  8:11  Marine  
  115  8:12  Marine x4, Refinery  
  125  8:13  Refinery  
  125  8:17  Marine  
  125  8:19  Marine  
  125  8:24  Marine  
  125  8:30  Marine  
  125  8:32  Medivac x2  
  125  8:33  Marine  
  125  8:34  Marine  
  130  8:36  SCV x3  
  133  8:42  Supply Depot  
  133  8:43  Supply Depot  
  133  8:44  Supply Depot  
  133  8:45  Siege Tank  
  133  8:47  Factory  
  136  8:54  Supply Depot  
  136  8:55  Barracks Reactor  
  136  8:57  Marine x7  
  136  8:58  Marine  
  143  9:04  SCV x3  
  143  9:10  Medivac x2  
  143  9:14  Planetary Fortress  
  143  9:16  SCV x3  
  150  9:21  Marine  
  150  9:22  Marine x4  
  155  9:26  Siege Tank  
  155  9:27  Marine  
  155  9:28  Marine x2  
  155  9:31  Marine x2  
  161  9:34  Terran Vehicle Weapons Level 1  
  161  9:36  SCV x3  
  166  9:39  Marine x3  
  166  9:42  Missile Turret  
  163  9:46  Marine x5  
  163  9:49  Marine x2  
  163  9:50  Siege Tank  
  173  9:56  Terran Infantry Weapons Level 3  
  173  9:57  Marine x2  
  173  9:59  SCV x3  
  178  10:05  Sensor Tower  
  178  10:13  Sensor Tower  
  178  10:14  Marine  
  178  10:15  Marine x6  
  178  10:16  Marine x2  
  178  10:17  Marine  
  188  10:22  Siege Tank  
  187  10:32  Marine  
  187  10:33  Marine x5, Terran Infantry Armor Level 3  
  187  10:34  Marine x2  
  196  10:39  Barracks x2  
  196  10:41  Barracks, Supply Depot  
  194  11:03  Siege Tank x2  
  200  11:12  Command Center  
  190  11:33  Marine  
  190  11:34  Marine x7  
  190  11:35  Siege Tank x2  
  177  11:42  Marine x2  
  155  11:48  Marine x3  
  155  11:49  Medivac x2  
  155  11:51  Marine x2  
  155  11:52  Marine x6  
  151  11:59  Marine x2  
  147  12:07  Siege Tank x2  
  143  12:08  Refinery  
  143  12:09  Marine x7  
  143  12:10  Marine, Refinery  
  150  12:16  Barracks Reactor x2  
  150  12:17  Marine x2, Barracks Reactor  
  150  12:19  Medivac x2  
  154  12:27  Marine x6, Sensor Tower  
  160  12:31  SCV x3  
  160  12:33  Marine x2  
  160  12:35  Marine x2  
  167  12:37  Sensor Tower  
  167  12:39  Siege Tank  
  167  12:43  SCV  
  171  12:45  Marine x6  
  171  12:51  Marine x2  
  176  12:53  Marine x5  
  176  12:56  Viking  
  176  12:58  Marine  
  186  13:00  Marine x2  
  186  13:02  Marine  
  186  13:03  Marine x5  
  193  13:09  Marine  
  193  13:11  Marine x5  
  193  13:12  Viking  
  193  13:14  Siege Tank  
  193  13:16  Marine  
  190  13:23  Marine x2  
  190  13:24  Marine x2  
  191  13:27  Marine x2  
  191  13:28  Factory Tech Lab  
  191  13:29  Marine x3  
  196  13:40  Marine x2  
  196  13:50  Supply Depot  
  196  13:51  Supply Depot  
  196  13:57  Command Center  
  196  14:13  Marine, Siege Tank  
  196  14:15  Barracks Reactor  
  200  14:23  Barracks Reactor  
  200  14:30  Siege Tank  
  183  14:36  Marine x11  
  171  14:39  Medivac x2  
  171  14:40  Marine  
  171  14:45  Siege Tank  
  179  14:53  Command Center  
  179  14:54  Marine x9  
  179  14:59  Marine x3  
  192  15:02  Marine x3  
  195  15:09  Medivac x2  
  195  15:11  Ghost Academy  
  195  15:12  Marine x2  
  200  15:17  Barracks Tech Lab  
  195  15:36  Siege Tank  
  195  15:37  Marine x2  
  196  15:50  Marine  
  196  15:52  Marine, Siege Tank  
  196  15:53  Marine  
  198  15:59  Medivac x2  
  198  16:00  Ghost  
  196  16:04  Orbital Command  
  196  16:06  Orbital Command  
  196  16:07  Personal Cloaking  
  196  16:12  Sensor Tower  
  196  16:19  Command Center  
  196  16:21  Siege Tank  
  199  16:29  Ghost  
  191  16:33  Marine x5  
  191  16:34  Marine x3  
  191  16:37  Marine  
  190  16:47  Marine x5  
  190  16:51  Marine x3  
  196  16:59  Ghost  
  188  17:05  Marine  
  188  17:06  Marine x5, Medivac x2  
  188  17:07  Marine x4  
  188  17:08  Marine  
  198  17:09  Marine x3  
  197  17:27  Ghost  
  199  17:31  Missile Turret  
  199  17:33  Nuke  
  199  17:35  Starport  
  196  17:38  Starport x2, SCV x5  
  199  18:02  Siege Tank  
  198  18:09  SCV x2  
  198  18:11  Siege Tank  
  185  18:16  Marine x6  
  185  18:19  Marine x3  
  170  18:20  Marine x4  
  175  18:28  Marine x2  
  175  18:29  Medivac  
  175  18:34  Marine x6  
  176  18:37  Marine x5  
  176  18:40  Starport Tech Lab  
  176  18:41  Starport Tech Lab  
  186  18:46  Ghost  
  178  18:51  Starport Tech Lab  
  178  18:53  Medivac  
  167  18:59  SCV x4, Medivac  
  154  19:04  Marine  
  154  19:05  Siege Tank x2  
  154  19:08  Marine x4  
  154  19:09  Marine x7  
  172  19:11  Raven x2  
  172  19:17  Raven, Marine x3  
  169  19:22  Marine  
  169  19:23  Medivac  
  172  19:26  Marine x6  
  172  19:27  Marine x4  
  179  19:44  Marine x3  
  179  19:45  Raven x2  
  186  19:48  Siege Tank x2  
  186  19:51  Raven  
  190  19:55  Marine x3  
  190  19:56  Marine  
  187  20:00  Orbital Command  
  184  20:13  Marine x4  
  187  20:18  Marine  
  187  20:19  Raven x2, Marine x2  
  194  20:24  Siege Tank  
  194  20:25  Raven, Marine x2  
  194  20:30  Marine x2  
  194  20:31  Marine x2  
  194  20:32  Marine x2  
  194  20:33  Marine  
  200  20:41  Nuke  
  200  20:48  Marine x2  
  142  21:19  Marine x2  
  142  21:20  Marine x2  
  142  21:22  Marine x3  
  142  21:23  Marine x3, Siege Tank  
  151  21:25  Raven x2  
  151  21:26  Raven, Marine  
  151  21:28  Marine x3  
  151  21:30  Marine  
  158  21:34  Siege Tank  
  158  21:37  Marine x2  
  158  21:38  Marine x2  
  165  21:40  Marine x5  
  165  21:41  Marine  
  165  21:44  Marine  
  165  21:46  Marine x3  
  175  21:48  Marine  
  176  21:54  Marine  
  176  21:55  Marine  
  176  21:56  Marine x2  
  176  21:57  Siege Tank  
  176  21:58  Marine x6  
  189  22:02  Marine  
  189  22:04  Marine x3  
  189  22:05  Marine  
  189  22:06  Siege Tank  
  194  22:12  Marine x2  
  194  22:14  Marine x2  
  198  22:15  Marine  
  198  22:16  Marine  
  199  22:28  Marine  
  200  22:37  Marine x4  
  192  22:41  Marine x2  
  192  22:42  Marine  
  192  22:43  Marine  
  192  22:44  Marine x2  
  195  22:45  Command Center  
  195  22:47  Marine x2  
  195  22:50  Marine  
  195  22:51  Marine  
  187  23:04  Marine  
  187  23:05  Marine  
  186  23:07  Raven x2  
  186  23:08  Raven, Marine x3  
  186  23:09  Marine x2  
  191  23:24  Missile Turret  
Show
View Real Time Build Order
Export as new Build Order

Maru Terran - Winner!

Build Orders: Reaper Expand 

Get SALT Encoding   

  12  0:00  SCV  
  13  0:12  SCV  
  14  0:17  Supply Depot  
  14  0:24  SCV  
  15  0:38  SCV  
  15  0:40  Barracks  
  15  0:42  Refinery  
  16  0:50  SCV  
  17  1:03  SCV  
  18  1:15  SCV  
  19  1:27  Orbital Command, Reaper  
  20  1:47  Command Center  
  20  1:51  Supply Depot  
  20  1:52  SCV  
  21  1:59  Marine  
  22  2:05  SCV  
  22  2:08  Factory  
  23  2:16  Marine  
  23  2:17  SCV  
  23  2:19  Refinery  
  25  2:29  SCV  
  26  2:35  Barracks Reactor  
  26  2:41  SCV  
  26  2:52  Hellion  
  26  2:53  Starport, SCV  
  29  3:00  Orbital Command  
  29  3:05  SCV  
  30  3:13  Supply Depot  
  30  3:17  Orbital Command, Barracks Tech Lab  
  30  3:19  SCV, Hellion x2  
  35  3:31  SCV  
  36  3:41  Hellion x2  
  40  3:42  Raven  
  40  3:43  SCV x2, Barracks Tech Lab  
  44  3:53  Supply Depot  
  44  3:55  SCV x2  
  46  4:07  SCV x2  
  48  4:11  Cyclone  
  50  4:19  SCV x2  
  52  4:24  Raven  
  52  4:25  Command Center  
  52  4:28  Marine  
  52  4:29  Marine  
  55  4:31  SCV  
  55  4:32  Supply Depot  
  55  4:36  SCV  
  56  4:40  Refinery  
  56  4:43  SCV  
  56  4:45  Siege Tank  
  60  4:46  Marine x2  
  62  4:55  Supply Depot  
  62  4:56  SCV x2  
  64  5:08  SCV x2  
  70  5:17  Supply Depot  
  70  5:18  Refinery  
  70  5:20  SCV x2  
  67  5:28  Liberator  
  67  5:29  Liberator  
  67  5:32  SCV  
  67  5:33  SCV  
  67  5:34  Stimpack, Marine  
  76  5:38  Orbital Command  
  76  5:41  Barracks x2, Factory Reactor  
  76  5:44  SCV  
  76  5:45  SCV  
  78  5:53  Engineering Bay  
  78  5:54  Engineering Bay  
  78  5:55  Marine  
  78  5:57  SCV x2  
  81  6:07  Orbital Command  
  81  6:09  SCV x2  
  83  6:12  Viking x2  
  83  6:13  Marine  
  88  6:21  Terran Infantry Weapons Level 1, SCV x2, Terran Infantry Armor Level 1  
  90  6:26  Supply Depot  
  90  6:28  Barracks Reactor  
  90  6:32  SCV  
  91  6:33  SCV x2  
  91  6:37  Marine x2  
  91  6:38  Marine, Siege Tank  
  99  6:42  Supply Depot  
  99  6:44  SCV  
  99  6:45  SCV  
  101  6:48  SCV  
  101  6:50  Missile Turret, Supply Depot  
  102  6:55  Marine x2, Medivac x2  
  102  6:56  SCV  
  109  7:04  SCV x2  
  109  7:08  Orbital Command  
  111  7:10  Refinery  
  111  7:11  Refinery  
  111  7:12  Siege Tank, Supply Depot  
  111  7:13  Supply Depot  
  115  7:16  SCV x2  
  115  7:18  Barracks  
  115  7:19  Barracks  
  109  7:25  Marine x4  
  109  7:28  SCV x2  
  107  7:32  Combat Shield  
  107  7:33  SCV  
  106  7:40  SCV x2  
  108  7:45  SCV  
  108  7:46  Medivac x2  
  108  7:50  Marine x5  
  118  7:52  SCV x2  
  118  7:55  Siege Tank  
  118  7:57  SCV  
  121  8:03  Sensor Tower  
  121  8:04  SCV x2  
  123  8:06  Armory, Barracks Reactor x2  
  123  8:09  SCV  
  124  8:12  Supply Depot  
  124  8:15  Marine x2  
  124  8:17  Missile Turret  
  124  8:19  Missile Turret x2  
  126  8:23  Marine x3  
  129  8:27  Siege Tank  
  129  8:28  Viking x2  
  129  8:32  Sensor Tower  
  129  8:33  Marine  
  137  8:42  Marine  
  137  8:43  Marine x3  
  137  8:48  Marine, Command Center  
  141  8:49  Marine x2  
  141  8:54  Terran Vehicle Weapons Level 1  
  144  8:57  Terran Infantry Weapons Level 2  
  144  8:59  Siege Tank  
  144  9:02  Factory  
  147  9:05  Barracks Reactor  
  147  9:07  Marine x6  
  147  9:08  Marine  
  146  9:14  Viking  
  148  9:20  Viking, Supply Depot x2  
  150  9:26  Marine x4  
  150  9:27  Marine x2  
  150  9:28  Supply Depot, Terran Infantry Armor Level 2  
  159  9:31  Siege Tank  
  159  9:38  Marine, Missile Turret  
  159  9:39  Marine  
  159  9:44  Marine  
  153  9:48  Marine x5  
  158  9:55  Starport  
  158  9:56  Starport, Siege Tank  
  161  10:02  Marine x2  
  161  10:03  Siege Tank  
  161  10:06  SCV x3  
  169  10:12  Missile Turret  
  169  10:15  Viking x2  
  169  10:18  Sensor Tower  
  172  10:26  Planetary Fortress  
  172  10:29  Refinery x2  
  172  10:31  Siege Tank  
  172  10:34  SCV x3  
  178  10:40  Starport Tech Lab x2, Command Center  
  178  10:43  Siege Tank  
  178  10:46  SCV x3  
  178  10:48  Marine  
  178  10:49  Marine x2  
  187  10:51  Missile Turret  
  187  10:53  Viking  
  187  10:55  Liberator  
  189  11:07  Raven x2  
  189  11:09  Missile Turret  
  193  11:11  Missile Turret  
  193  11:14  Siege Tank  
  196  11:31  Marine x2, Siege Tank  
  195  11:33  Marine x5  
  195  11:37  Marine x2  
  186  11:45  Raven x2  
  186  11:46  Siege Tank  
  181  11:48  Marine  
  181  11:49  Marine x2  
  181  11:51  Marine x5  
  158  11:54  Marine  
  158  11:55  Marine  
  158  11:57  SCV x2  
  151  12:03  Siege Tank  
  151  12:04  SCV x2  
  151  12:06  Marine  
  151  12:07  Marine x2  
  151  12:08  SCV, Marine  
  159  12:09  Marine x2, SCV x2  
  159  12:10  Refinery  
  164  12:16  SCV x2, Sensor Tower  
  164  12:18  Siege Tank  
  164  12:19  Raven  
  164  12:20  Terran Infantry Weapons Level 3  
  171  12:31  Marine, Terran Infantry Armor Level 3  
  171  12:32  Marine x4  
  176  12:37  Marine  
  176  12:38  Siege Tank  
  180  12:46  Raven  
  180  12:47  Marine x4  
  180  12:49  Marine  
  180  12:50  Siege Tank  
  190  12:58  Marine  
  190  13:04  Terran Vehicle Weapons Level 2  
  191  13:07  Viking  
  191  13:10  Siege Tank  
  194  13:16  Marine  
  194  13:17  Marine x2  
  189  13:22  Siege Tank  
  189  13:23  Command Center  
  182  13:42  Siege Tank  
  182  13:47  Raven x2  
  188  13:48  Marine  
  188  13:49  Marine  
  188  13:50  Armory  
  188  13:51  Marine  
  188  13:52  Marine x2  
  188  13:54  Siege Tank  
  196  14:07  Command Center x2  
  196  14:08  Missile Turret x2, Command Center  
  196  14:10  Missile Turret  
  196  14:34  Raven x2  
  196  14:35  Orbital Command  
  198  14:48  Command Center  
  198  14:52  Missile Turret, Sensor Tower  
  198  14:54  Planetary Fortress  
  198  14:58  Viking  
  200  15:08  Hi-Sec Auto Tracking, Refinery  
  200  15:12  Sensor Tower  
  200  15:18  Fusion Core, Starport  
  200  15:20  Starport  
  200  15:23  Orbital Command  
  200  15:27  Missile Turret  
  200  15:28  Missile Turret  
  200  15:31  Orbital Command x2  
  197  15:38  Armory  
  186  16:09  Starport Tech Lab  
  186  16:10  Weapon Refit, Starport Tech Lab  
  186  16:29  Battlecruiser x2  
  186  16:30  Missile Turret  
  186  16:32  Sensor Tower  
  192  16:40  Engineering Bay  
  187  16:47  Refinery  
  187  16:48  Command Center  
  187  16:57  Orbital Command  
  187  16:58  Battlecruiser x2  
  199  17:23  Armory  
  199  17:24  Terran Ship Weapons Level 1  
  199  17:34  Refinery  
  199  17:35  Missile Turret  
  199  17:36  Refinery  
  199  17:43  Neosteel Armor  
  196  17:45  Command Center x2  
  196  17:46  Command Center  
  196  17:49  Advanced Ballistics  
  196  18:40  SCV x4  
  185  18:48  Marine  
  185  18:49  Marine x6  
  180  18:56  Marine, Factory x2  
  180  18:57  Factory  
  180  19:00  Supply Depot  
  180  19:02  Orbital Command  
  181  19:05  SCV  
  181  19:06  SCV x2  
  182  19:12  Planetary Fortress  
  182  19:16  Liberator  
  182  19:17  Liberator  
  186  19:36  Orbital Command  
  183  19:45  Starport, Factory Tech Lab x3  
  178  19:46  Starport  
  178  19:47  Starport  
  173  19:54  Terran Ship Weapons Level 2  
  173  19:55  Terran Vehicle And Ship Armor Level 1  
  171  20:02  Planetary Fortress  
  171  20:37  Starport Tech Lab x3  
  171  20:43  Starport, Command Center  
  171  20:48  Command Center  
  168  21:02  Battlecruiser x3  
  164  21:18  Siege Tank  
  164  21:19  Siege Tank x2  
  156  21:33  SCV x4  
  156  21:34  SCV x2  
  156  21:36  Marine x3  
  156  21:37  Marine x6  
  171  21:41  Starport Tech Lab  
  171  21:45  SCV x2  
  173  21:50  Siege Tank  
  173  21:51  Siege Tank x2  
  181  22:06  Battlecruiser x3  
  199  22:12  Orbital Command  
  172  22:23  Siege Tank  
  172  22:27  Battlecruiser  
  181  22:34  Marine  
  181  22:35  Marine x4  
  183  22:42  SCV x2  
  183  22:43  SCV  
  183  22:54  Siege Tank x2  
  183  22:55  Medivac x2  
  193  23:04  Siege Tank  
  193  23:05  Marine  
  194  23:08  SCV x2  
  194  23:09  SCV x2  
  198  23:13  Refinery  
  198  23:16  SCV x2  
  198  23:19  Planetary Fortress  
  200  23:25  Refinery  
Tags
 
Add a new tag
Caveats
  • Supply blocks, unpowered buildings, or Contaminate may cause inaccurate times.
  • Supply counts are checked every 10 seconds.